 Dungeon Crawl Stone Soup version 0.19.0-19-g8c6edcc (webtiles) character file.

397 Remedyn the Shield-Bearer (level 7, -1/55 HPs)
             Began as a Formicid Fighter on Nov 14, 2016.
             Slain by Sigmund
             ... wielding a +4 scythe of freezing
              (3 damage)
             ... on level 3 of the Dungeon.
             The game lasted 00:06:32 (3072 turns).

Remedyn the Shield-Bearer (Formicid Fighter)        Turns: 3072, Time: 00:06:33

Health: -1/55      AC:  8    Str: 28    XL:     7   Next: 10%
Magic:  7/7        EV:  9    Int:  7    God:
Gold:   236        SH: 11    Dex: 10    Spells: 0 memorised, 6 levels left

rFire  . . .     SeeInvis +     a - +0 war axe
rCold  . . .     Gourm    .     b - +0 scale mail
rNeg   . . .     Faith    .     c - +1 shield
rPois  .         Spirit   .     (helmet unavailable)
rElec  .         Reflect  .     (no cloak)
rCorr  .         Harm     .     i - +0 pair of gloves
MR     .....                    (no boots)
Stlth  ..........               (no amulet)
                                (no ring)
                                (no ring)

@: mighty
A: permanent stasis, dig shafts and tunnels, four strong arms, antennae 3
a: Dig, Shaft Self


You were on level 3 of the Dungeon.
You were not hungry.

You visited 1 branch of the dungeon, and saw 3 of its levels.

You collected 236 gold pieces.

Inventory:

Hand Weapons
 a - a +0 war axe (weapon)
Armour
 b - a +0 scale mail (worn)
 c - a +1 shield (worn)
 i - a +0 pair of gloves (worn)
 l - a +0 ring mail
Scrolls
 h - a scroll of enchant armour
Potions
 d - a potion of might
 g - a potion of brilliance {unknown}
 k - a potion of agility
Comestibles
 j - 3 meat rations
 m - a slice of pizza


   Skills:
 + Level 4.3 Fighting
 + Level 4.6 Axes
 + Level 4.4 Armour
 + Level 1.7 Dodging
 + Level 0.3 Stealth
 + Level 4.9 Shields


You had 6 spell levels left.
You didn't know any spells.

Dungeon Overview and Level Annotations

Branches:
Dungeon (3/15)

Altars:
Fedhas

Annotations:
D:3 Sigmund


Innate Abilities, Weirdness & Mutations

You are under a permanent stasis effect.
You can dig through walls and to a lower floor.
Your four strong arms can wield two-handed weapons with a shield.
You have a pair of large antennae on your head. (SInv)


Message History

Sigmund is heavily wounded.
You block Sigmund's attack.
You barely miss Sigmund.
Sigmund is heavily wounded.
Sigmund closely misses you.
You closely miss Sigmund.
Sigmund is heavily wounded.
You barely miss Sigmund.
Sigmund is heavily wounded.
Sigmund no longer looks unusually strong.
Sigmund hits you with a scythe of freezing.
* * * LOW HITPOINT WARNING * * *
Sigmund freezes you.
* * * LOW HITPOINT WARNING * * *
You slash Sigmund!
Sigmund is severely wounded.
Sigmund hits you with a scythe of freezing.
* * * LOW HITPOINT WARNING * * *
Sigmund freezes you.
You die...

#........###.#+## #.#
#...............# #.#
#...............# #.#
................# #.#
.........#...#.## #.#
.........#...#.# #.#
.........#...#.#######.#####.####
.........#...#...@...............
.........###.#..@............###.
.........# #.#........######## #.
#........# #............ #.
#........# ###........## #.
#....###. #....##### #. .........
..>..# #. .....##.. .#....# #.
......... ..#..).# #####.
..####..# #((...


You could see Sigmund.

Vanquished Creatures
  Grinder (D:3)
  An orc priest (D:3)
  An orc wizard (D:3)
  Terence (D:3)
  5 adders
  A worm (D:3)
  A dart slug (D:3)
  A leopard gecko (D:3)
  8 orcs (D:3)
  5 giant cockroaches
  9 goblins
  7 hobgoblins
  A quokka (D:3)
  5 bats
  3 frilled lizards
  8 kobolds
  4 rats
62 creatures vanquished.

Notes
Turn   | Place    | Note
-------+----------+-------------------------------------------
     0 | D:1      | Remedyn the Formicid Fighter began the quest for the Orb.
     0 | D:1      | Reached XP level 1. HP: 18/18 MP: 1/1
   160 | D:1      | Reached XP level 2. HP: 24/24 MP: 2/2
   891 | D:2      | Reached XP level 3. HP: 27/29 MP: 3/3
  1199 | D:2      | Found a blossoming altar of Fedhas.
  1595 | D:2      | Reached XP level 4. HP: 31/35 MP: 4/4
  2101 | D:3      | Noticed Terence
  2117 | D:3      | Killed Terence
  2205 | D:3      | Reached XP level 5. HP: 34/41 MP: 5/5
  2473 | D:3      | Noticed Grinder
  2501 | D:3      | Killed Grinder
  2501 | D:3      | Reached skill level 1 in Dodging
  2501 | D:3      | Reached XP level 6. HP: 18/48 MP: 6/6
  2708 | D:3      | Reached XP level 7. HP: 14/55 MP: 7/7
  3046 | D:3      | Noticed Sigmund
  3072 | D:3      | HP: 2/55 [Sigmund/scythe of freezing (6)]
  3072 | D:3      | Slain by Sigmund

Skill      XL: |  1  2  3  4  5 |
---------------+----------------+-----
Shields        | 4 |  4.9
Axes           | 3 4 |  4.6
Armour         | 4 |  4.4
Fighting       | 4 |  4.3
Dodging        | 1 |  1.7
Stealth        | |  0.3

Action                   |  1- 3 |  4- 6 |  7- 9 || total
-------------------------+-------+-------+-------++-------
Melee: War axe           |   143 |    91 |    38 ||   272
  Use: Scroll            |     3 |     3 |       ||     6
       Potion            |       |       |     1 ||     1
  Eat: Bread ration      |     1 |       |       ||     1
       Meat ration       |       |     1 |       ||     1
Armor: Scale mail        |    71 |    36 |     4 ||   111
Dodge: Dodged            |    58 |    22 |     9 ||    89
Block: Shield            |    78 |    45 |    16 ||   139
